 Dungeon Crawl Stone Soup version 0.30-a0-2-gf48d83f5e2 (webtiles) character file.

Game seed: 7315803158374333187

32 SensoryNuts the Covered (level 2, 0/25 HPs)
             Began as a Demigod Fighter on Aug 20, 2022.
             Slain by a gnoll
             ... wielding a +0 spear
              (5 damage)
             ... on level 3 of the Dungeon.
             The game lasted 00:01:14 (1394 turns).

SensoryNuts the Covered (Demigod Fighter)           Turns: 1394, Time: 00:01:15

Health: 0/25       AC:  6    Str: 17    XL:     2   Next: 93%
Magic:  4/4        EV:  9    Int: 10    God:
Gold:   63         SH:  4    Dex: 13    Spells: 1/1 levels left

rFire   . . .      SeeInvis .    a - +0 war axe
rCold   . . .      Faith    .    c - +0 buckler
rNeg    . . .      Spirit   .    b - +0 scale mail
rPois   .          Reflect  .    (no helmet)
rElec   .          Harm     .    (no cloak)
rCorr   .          Rampage  .    (no gloves)
Will    .....                    (no boots)
Stlth   ..........               (no amulet)
HPRegen 0.08/turn                (no ring)
MPRegen 0.09/turn                (no ring)

@: no status effects
A: high MP 1, forlorn, divine attributes
a: no special abilities


You were on level 3 of the Dungeon.
You visited 1 branch of the dungeon, and saw 3 of its levels.

You collected 63 gold pieces.

Inventory:

Hand Weapons
 a - a +0 war axe (weapon)
Armour
 b - a +0 scale mail (worn)
 c - a +0 buckler (worn)
Jewellery
 e - a ring of wizardry
Scrolls
 f - a scroll of noise {unknown}
 h - a scroll of identify
 j - a scroll of teleportation
Potions
 d - a potion of might
 g - 3 potions of curing
 i - a potion of invisibility


   Skills:
 + Level 2.7 Fighting
 * Level 2.7 Axes
 + Level 2.9 Armour
 + Level 0.2 Dodging
 + Level 2.9 Shields


You had one spell level left.
You didn't know any spells.
Your spell library contained the following spells:

 Spells                   Type           Power      Damage    Failure   Level
 Conjure Flame            Conj/Fire      0%         6-21      99%         3
 Ignite Poison            Fire/Tmut/Pois 0%         N/A       99%         3
 Sticky Flame             Conj/Fire      0%         2d3       100%        4


Dungeon Overview and Level Annotations

Branches:
Dungeon (2/15)

Shops:
D:1 [*


Innate Abilities, Weirdness & Mutations

You have an increased reservoir of magic. (+10% MP)
You shall have no god before yourself.
Your divine heritage dramatically boosts your attributes as you level up.


Message History

A rat is nearby!
You block the rat's attack.
You closely miss the rat. The rat bites you but does no damage.
You barely miss the rat. The rat barely misses you.
You barely miss the rat. The rat barely misses you. You block the rat's attack.
You barely miss the rat. The rat bites you.
You slash the rat!
You kill the rat!
No target in view!
No target in view!
No target in view!
No target in view!
HP restored.
f - a scroll labelled QIAVI OQIYGE A gnoll comes into view.
It is wielding a +0 spear.
The gnoll shouts!
You hear a shout!
A gnoll comes into view.
It is wielding a +2 halberd of protection.
A gnoll comes into view. It is wielding a +0 club.
There are monsters nearby!
Found a stone staircase leading up.
The gnoll shouts!
You hit the gnoll but do no damage. You block the gnoll's attack.
You hit the gnoll.
The gnoll is heavily wounded.
You barely miss the gnoll.
The gnoll is heavily wounded.
The gnoll hits you but does no damage. The gnoll barely misses you.
The gnoll hits you but does no damage. The gnoll barely misses you.
The gnoll closely misses you.
You hit the gnoll but do no damage.
The gnoll is heavily wounded.
The gnoll barely misses you. The gnoll hits you but does no damage.
The gnoll hits you from afar with a +2 halberd of protection!
You barely miss the gnoll.
The gnoll is heavily wounded.
The gnoll barely misses you.
The gnoll hits you from afar with a +2 halberd of protection!
* * * LOW HITPOINT WARNING * * *
The gnoll hits you from afar with a +0 spear.
You die...

#......#.....##
#<.........#....
#.....#..........
#................
#................
#....g...........
#....g.g........#
... #@........ ....
#.....#####
....##.....#...# .
.........###...# ..
.........###...##...
....................
....................
.............†......
............#.......


You could see 3 gnolls.

Vanquished Creatures
  A dart slug (D:1)
  2 endoplasms (D:1)
  4 giant cockroaches (D:1)
  3 goblins (D:1)
  3 hobgoblins (D:1)
  3 jackals (D:1)
  2 kobolds (D:1)
  2 ball pythons (D:1)
  3 frilled lizards (D:1)
  2 rats
25 creatures vanquished.

Vanquished Creatures (others)
  11 plants (D:1)
11 creatures vanquished.

Grand Total: 36 creatures vanquished

Notes
Turn   | Place    | Note
-------+----------+-------------------------------------------
     0 | D:1      | SensoryNuts the Demigod Fighter began the quest for the
                  | Orb.
     0 | D:1      | Reached XP level 1. HP: 18/18 MP: 3/3
   201 | D:1      | Found Aluweokk's General Store.
   208 | D:1      | Reached XP level 2. HP: 18/25 MP: 4/4
   522 | D:1      | Found Jeilyed's Armour Boutique.
  1340 | D:2      | You fall into a shaft and drop 1 floor!
  1394 | D:3      | Slain by a gnoll

Illustrated notes

Levels and vault maps discovered:
D:1:      roderic_crop_circles_arrival_small, layout_basic, serial_glass,
          glass_columns_a, glass_columns_b,
          hellmonk_ecumenical_altar_heavens_door, serial_shops,
          nicolae_square_shop, shop, minmay_misc_feat_alley
D:2:      layout_basic, serial_forest, infiniplex_forest_clump_large,
          infiniplex_forest_clump_tiny, infiniplex_forest_lined_3,
          infiniplex_forest_join, infiniplex_forest_lined_corner,
          infiniplex_forest_lined_ring, minmay_pentomino_s4
D:3:      layout_basic, lemuel_crystal_altar, lightli_temple_of_fire,
          gammafunk_ghost_arena

Skill      XL: |  1 |
---------------+----+-----
Axes           | 2 |  2.7
Fighting       | |  2.7
Armour         | |  2.9
Dodging        | |  0.2
Shields        | |  2.9

Action                   || total
-------------------------++-------
Melee: War axe           ||    91
  Use: Scroll            ||     4
Armor: Scale mail        ||    57
Dodge: Dodged            ||    43
Block: Buckler           ||    25

Table legend: (Time is in decaauts)
 A = Elapsed time spent in this place.
 B = Non-inter-level travel time spent in this place.
 C = Inter-level travel time spent in this place.
 D = Time resting spent in this place.
 E = Time spent auto-exploring this place.
 F = Levels seen in this place.
 G = Mean time per level.
                   A        B        C        D        E       F      G
               +--------+--------+--------+--------+--------+-----+--------+
         Total |   1431 |   1356 |     75 |      0 |   1145 |   3 |  477.0 |
       Dungeon |   1431 |   1356 |     75 |      0 |   1145 |   3 |  477.0 |
               +--------+--------+--------+--------+--------+-----+--------+

Top non-repeatable levels by time:
     D:1: 1371 daAuts
     D:3: 57 daAuts
     D:2: 1 daAuts
